[ AOE2 MATCH · #469906356 ]
Team RMVietnamese vs Spanish
[ REPLAY ANALYSIS · EXTRACTED FROM THE RECORDED GAME ]
Feudal
—
Castle
—
Imperial
—
| APM avg | 15.0 |
| APM peak | 31 |
| eAPM avg | 8.5 |
| Villagers / military | 10 / 0 |
Focus
⚔️ 0.0% · 🌾 100.0%
Feudal
—
Castle
—
Imperial
—
| APM avg | 9.8 |
| APM peak | 29 |
| eAPM avg | 6.7 |
| Villagers / military | 8 / 0 |
Focus
⚔️ 0.0% · 🌾 100.0%
Feudal
—
Castle
—
Imperial
—
| APM avg | 17.1 |
| APM peak | 31 |
| eAPM avg | 6.7 |
| Villagers / military | 14 / 0 |
Focus
⚔️ 4.0% · 🌾 96.0%
Feudal
—
Castle
—
Imperial
—
| APM avg | 14.5 |
| APM peak | 27 |
| eAPM avg | 6.1 |
| Villagers / military | 14 / 0 |
Focus
⚔️ 3.8% · 🌾 96.2%
Match map
Resources at game start + every placement click. Thick line = wall · dashed box = detected house wall. 🟡 gold · ⚪ stone · 🟢 berries · 🔶 boar · ⭕ relic
Inputs per minute
— HulkHoden - - El Bardo1268
Build order — HulkHoden
15 actions detected in the replay
| 0:01 | Create | Villager (Male) |
| 0:02 | Create | Villager (Male) |
| 0:04 | Build | House |
| 0:07 | Build | House |
| 1:01 | Create | Villager (Male) |
| 1:02 | Create | Villager (Male) |
| 1:43 | Create | Villager (Male) |
| 2:11 | Build | Lumber Camp |
| 2:21 | Create | Villager (Male) |
| 2:39 | Create | Villager (Male) |
| 3:16 | Build | House |
| 3:18 | Create | Villager (Male) |
| 3:18 | Create | Villager (Male) |
| 3:44 | Create | Villager (Male) |
| 4:25 | Build | Mill |
Build order — El Bardo1268
11 actions detected in the replay
| 0:01 | Create | Villager (Male) |
| 0:01 | Create | Villager (Male) |
| 0:02 | Create | Villager (Male) |
| 0:02 | Create | Villager (Male) |
| 0:05 | Build | House |
| 0:06 | Build | House |
| 1:30 | Create | Villager (Male) |
| 2:07 | Create | Villager (Male) |
| 2:11 | Build | Lumber Camp |
| 2:29 | Create | Villager (Male) |
| 2:57 | Create | Villager (Male) |
Build order — Incognito3597
14 actions detected in the replay
| 0:02 | Create | Villager (Male) ×4 |
| 0:02 | Create | Villager (Male) ×4 |
| 0:07 | Build | House |
| 0:10 | Build | House |
| 0:12 | Build | House |
| 0:14 | Build | House |
| 1:35 | Research | Loom |
| 1:42 | Create | Villager (Male) |
| 2:21 | Create | Villager (Male) |
| 2:30 | Create | Villager (Male) |
| 2:46 | Create | Villager (Male) |
| 3:16 | Create | Villager (Male) |
| 3:28 | Create | Villager (Male) |
| 3:43 | Build | Lumber Camp |
Build order — jeyakumar1312
21 actions detected in the replay
| 0:26 | Build | House |
| 0:27 | Build | House |
| 0:29 | Build | House |
| 0:30 | Build | House |
| 0:43 | Research | Loom |
| 0:46 | Create | Villager (Male) |
| 0:47 | Create | Villager (Male) |
| 0:47 | Create | Villager (Male) |
| 0:47 | Create | Villager (Male) |
| 0:47 | Create | Villager (Male) |
| 0:48 | Create | Villager (Male) |
| 0:48 | Create | Villager (Male) |
| 0:49 | Research | Loom |
| 2:56 | Build | Lumber Camp |
| 3:31 | Create | Villager (Male) |
| 3:31 | Create | Villager (Male) |
| 3:32 | Create | Villager (Male) |
| 3:32 | Create | Villager (Male) |
| 3:32 | Create | Villager (Male) |
| 3:32 | Create | Villager (Male) |
| 3:32 | Create | Villager (Male) |
Match timeline
| 4:33 | El Bardo1268 · resign |
[ AI ANALYSIS · 1 CREDIT ]
What really happened in this match?
Wolo.gg analyzes every decision: build order, eco, micro, common mistakes by bracket. Personalized analysis on WhatsApp or Discord in 30 seconds.
Civ guide
Vietnamese
Map guide
Arena
Perfil
HulkHoden